 Dungeon Crawl Stone Soup version 0.26-a0-651-gb41185065b (webtiles) character file.

Game seed: 851252057757449136

(classic levelgen) 48 EnegeticOcto the Shield-Bearer (level 3, 32/34 HPs)
             Began as a Deep Dwarf Fighter on Oct 30, 2020.
             Quit the game on level 3 of the Dungeon.
             The game lasted 00:00:26 (399 turns).

EnegeticOcto the Shield-Bearer (Deep Dwarf Fighter)  Turns: 399, Time: 00:00:26

Health: 32/34      AC:  8    Str: 20    XL:     3   Next: 50%
Magic:  3/3        EV:  7    Int:  8    God:
Gold:   46         SH:  9    Dex: 12    Spells: 2/2 levels left

rFire    . . .     SeeInvis .   a - +0 war axe
rCold    . . .     Faith    .   c - +0 kite shield
rNeg     . . .     Spirit   .   b - +0 scale mail
rPois    .         Reflect  .   g - +0 helmet
rElec    .         Harm     .   (no cloak)
rCorr    .         Rampage  .   (no gloves)
MR       .....                  (no boots)
Stlth    ..........             (no amulet)
HPRegen  0.00/turn              (no ring)
MPRegen  0.08/turn              (no ring)

@: non-regenerating
A: damage resistance, heal wounds, sense surroundings 1, no regeneration
a: Heal Wounds


You were on level 3 of the Dungeon.
You visited 1 branch of the dungeon, and saw 3 of its levels.

You collected 46 gold pieces.

Inventory:

Hand Weapons
 a - a +0 war axe (weapon)
Armour
 b - a +0 scale mail (worn)
 c - a +0 kite shield (worn)
 g - a +0 helmet (worn)
Scrolls
 e - a scroll of enchant weapon {unknown}
 f - a scroll of enchant armour {unknown}
Potions
 d - a potion of might {@q3}
 h - a potion of invisibility {unknown}


   Skills:
 + Level 3.0 Fighting
 * Level 3.2 Axes
 + Level 3.6 Armour
 + Level 3.7 Shields


You had 2 spell levels left.
You didn't know any spells.
Your spell library was empty.

Dungeon Overview and Level Annotations

Branches:
Dungeon (3/15)

Altars:
Nemelex Xobeh


Innate Abilities, Weirdness & Mutations

You are resistant to damage.
You can heal yourself by infusing magical energy.
You passively map a small area around you.
You do not regenerate.


Message History

Things that are here:
a cursed +0 dagger; a +0 club No target in view!
No target in view!
No target in view!
No target in view!
No target in view!
No target in view!
A rat comes into view.
You see here a sedimented inky potion.
A rat is nearby!
A rat is nearby!
A rat is nearby!
A rat is nearby!
A rat is nearby!
A kobold comes into view. It is wielding a +0 whip.
The rat bites you but does no damage.
You hit the rat.
You kill the rat!
The kobold throws a stone.
The stone hits you but does no damage.
The kobold throws a stone.
The stone hits you but does no damage.
You see here a stone.
You hit the kobold.
The kobold is severely wounded.
You block the kobold's attack.
A kobold is nearby!
A kobold is nearby!
A kobold is nearby!
You closely miss the kobold.
The kobold is severely wounded.
You block the kobold's attack. The kobold hits you but does no damage.
You closely miss the kobold.
The kobold is severely wounded.
The kobold barely misses you. You block the kobold's attack.
You slash the kobold!
You kill the kobold!
No target in view!
No target in view!
No target in view!
No target in view!
No target in view!
No target in view!
No target in view!
No target in view!
No target in view!
No target in view!
No target in view!
No target in view!
No target in view!
No target in view!
No target in view!
You see here a stone.
h - a sedimented inky potion A dart slug comes into view.
The dart slug launches a dart at you. You block the slug dart.
(D) Dungeon
Where to? (Enter - D:2, ? - help)
Found a stone staircase leading up.
A dart slug is nearby!
A dart slug is nearby!
A dart slug is nearby!
A dart slug is nearby!
A dart slug is nearby!
A dart slug is nearby!
The dart slug bites you but does no damage.
You slash the dart slug!
The dart slug is almost dead.
The dart slug launches a dart at you. The slug dart hits you.
You hit the dart slug.
You kill the dart slug!
No target in view!
No target in view!
No target in view!
No target in view!
No target in view!
No target in view!
(D) Dungeon
Where to? (Enter - D:3, ? - help)
Found an escape hatch in the floor.
Found a scroll labeled LANUGHURABB.
Found a robe.
There is a stone staircase leading down here.
You climb downwards.
You hear the sound of rushing water.
There is an entrance to a sewer on this level.
Hurry and find it before the portal rusts away!
Found a spear.
There is a stone staircase leading up here.
A hobgoblin comes into view.
A hobgoblin is nearby!
A hobgoblin is nearby!
Unknown command.
A hobgoblin is nearby!
A hobgoblin is nearby!
Unknown command.
A hobgoblin is nearby!
Unknown command.
A hobgoblin is nearby!
Are you sure you want to abandon this character and quit the game? (Confirm with "yes".)

* , , , + * * , , ** *
* ### , #.# , ##
,#########.## #. ,
#.....##)... *####.###
#.###.##..## ,
#..g.@.# #.........##
#.##?#.#####......<...
, ,
#.................. *
#.#.###............ ,,
, #.#.# #............
, *#..................
, ,,
#.######........... ,,
, ,..* *#.#.#.......
##* * ....#.......


You could see a hobgoblin.

Vanquished Creatures
  Robin (D:2)
  2 dart slugs (D:2)
  3 bats
  A giant cockroach (D:1)
  11 goblins (D:2)
  4 hobgoblins
  2 kobolds (D:2)
  2 frilled lizards (D:1)
  2 rats (D:2)
28 creatures vanquished.

Notes
Turn   | Place    | Note
-------+----------+-------------------------------------------
     0 | D:1      | EnegeticOcto the Deep Dwarf Fighter began the quest for the
                  | Orb.
     0 | D:1      | Reached XP level 1. HP: 20/20 MP: 1/1
    87 | D:1      | Found a sparkling altar of Nemelex Xobeh.
   198 | D:2      | Reached XP level 2. HP: 22/27 MP: 2/2
   306 | D:2      | Noticed Robin
   316 | D:2      | Reached XP level 3. HP: 17/33 MP: 3/3
   321 | D:2      | Killed Robin
   399 | D:3      | Quit the game

Illustrated notes

Levels and vault maps discovered:
D:1:      roderic_crossed_star, layout_basic, serial_forest,
          infiniplex_forest_clump_small, infiniplex_forest_clump_double,
          infiniplex_forest_straight_2, infiniplex_forest_clump_medium,
          infiniplex_forest_lined_2, infiniplex_forest_clump_cross,
          infiniplex_forest_corner_1, nemelex_altar_shiori
D:2:      layout_basic, uniq_robin
D:3:      layout_basic, yredelemnul_altar_generic, gup_sewer_entry_spiral,
          minivault_27, uniq_jessica

Skill      XL: |  1  2  3 |
---------------+----------+-----
Axes           | 3 |  3.2
Fighting       | 3 |  3.0
Armour         | |  3.6
Shields        | |  3.7

Action                   || total
-------------------------++-------
Melee: War axe           ||    58
 Abil: Heal Wounds       ||     1
Armor: Scale mail        ||    30
Dodge: Dodged            ||    17
Block: Kite shield       ||    33

Table legend: (Time is in decaauts)
 A = Elapsed time spent in this place.
 B = Non-inter-level travel time spent in this place.
 C = Inter-level travel time spent in this place.
 D = Time resting spent in this place.
 E = Time spent auto-exploring this place.
 F = Levels seen in this place.
 G = Mean time per level.
                   A        B        C        D        E       F      G
               +--------+--------+--------+--------+--------+-----+--------+
         Total |    424 |    390 |     34 |      0 |    245 |   3 |  141.3 |
       Dungeon |    424 |    390 |     34 |      0 |    245 |   3 |  141.3 |
               +--------+--------+--------+--------+--------+-----+--------+

Top non-repeatable levels by time:
     D:2: 210 daAuts
     D:1: 195 daAuts
     D:3: 18 daAuts
